 Dungeon Crawl Stone Soup version 0.25-a0-1136-gc1285e62ab (webtiles) character file.

Game seed: 4217634197484669492, levelgen mode: deterministic

221 Delarado the Ruffian (level 5, 0/36 HPs)
             Began as an Octopode Fighter on May 23, 2020.
             Succumbed to an adder's poison
             ... on level 3 of the Dungeon.
             The game lasted 00:04:15 (2680 turns).

Delarado the Ruffian (Octopode Fighter)             Turns: 2680, Time: 00:04:15

Health: 0/36       AC:  1    Str: 15    XL:     5   Next: 98%
Magic:  5/5        EV: 11    Int:  7    God:
Gold:   141        SH:  8    Dex: 12    Spells: 4/4 levels left

rFire    + . .     SeeInvis .     - Unarmed
rCold    . . .     Gourm    .   a - +0 kite shield
rNeg     . . .     Faith    .   (helmet restricted)
rPois    .         Spirit   .   (no amulet)
rElec    .         Reflect  .   j - ring of attention (curse)
rCorr    .         Harm     .   n - -4 ring of intelligence (curse)
MR       .....                  d - ring of protection from fire
Stlth    +.........             (no ring)
HPRegen  0.12/turn              (no ring)
MPRegen  0.09/turn              (no ring)
                                (no ring)
                                (no ring)

@: lethally poisoned (0 -> -4), slowed, very slow
A: almost no armour, stealthy swim, amphibious, 8 rings, constrict 8, camouflage
1, gelatinous body 1
a: no special abilities


You were on level 3 of the Dungeon.
You were not hungry.

You visited 1 branch of the dungeon, and saw 3 of its levels.

You collected 141 gold pieces.

Inventory:

Missiles
 k - 91 stones
 l - 3 boomerangs
 u - a javelin (quivered)
Armour
 a - a +0 kite shield (worn)
Jewellery
 d - a ring of protection from fire (on tentacle)
 h - an uncursed ring of fire
 j - a cursed ring of attention (left tentacle)
 n - a cursed -4 ring of intelligence (right tentacle)
 q - an uncursed ring of protection from cold
Scrolls
 e - 6 scrolls of identify
 p - 3 scrolls of teleportation
 r - a scroll of enchant weapon
 s - 2 scrolls of amnesia
Potions
 b - 2 potions of might
 f - a potion of stabbing
 g - a potion of invisibility
 i - 2 potions of magic {unknown}
 m - a potion of cancellation {unknown}
 t - a potion of brilliance {unknown}
 v - a potion of flight {unknown}
Comestibles
 c - 6 rations
 o - 9 chunks of flesh


   Skills:
 - Level 3.0 Fighting
 - Level 3.0 Dodging
 - Level 3.0 Shields
 + Level 6.0 Unarmed Combat


You had 4 spell levels left.
You didn't know any spells.
Your spell library was empty.

Dungeon Overview and Level Annotations

Branches:
Dungeon (3/15)

Altars:


Innate Abilities, Weirdness & Mutations

You cannot wear most types of armour.
You are very stealthy in the water. (Stealth+)
You are amphibious.
You can wear up to eight rings at the same time.
You can use your tentacles to constrict eight enemies at once.
Your skin changes colour to match your surroundings (Stealth+).
Your rubbery body absorbs attacks. (AC +1, EV +1)


Message History

You feel sick.
The crimson imp disappears in a puff of smoke!
The adder closely misses you. You block the adder's attack.
You barely miss the adder. Your grab misses the adder. You squeeze the adder.
You kill the adder!
You feel sick.
Natasha casts a spell.
Unknown command.
You feel sick. Natasha claws you!
The crimson imp blinks!
Natasha claws you!
* * * LOW HITPOINT WARNING * * *
You bludgeon Natasha! You grab Natasha.
Natasha is severely wounded.
You constrict Natasha, but do no damage.
Natasha barely misses you.
You tentacle-slap Natasha.
You kill Natasha!
Natasha yowls pathetically as she dies!
The crimson imp disappears in a puff of smoke!
Your Unarmed Combat skill increases to level 6!
You die...

..### #.# #..#
..#.####.###..## (.S.
...............###### ...##
.##.####.###...)..........
.##.# #.# #...#######...
.##.# #.###...###### ..#
.##.# #............# ..#
.##.####.####†.#######..#
.##.............@....(.(#
.##.###........##§####.......
.##.###........##.# ..$....
......+............ .......
.##.###............. ....5..
....# #.......###.### .......
.##.# #.......# #.# .......
.##.# ##.####.# #.. .......
.##.# #.# ##


There were no monsters in sight!

Vanquished Creatures
  An iguana (D:2)
  Natasha (D:3)
  8 adders
  An ooze (D:3)
  A worm (D:2)
  8 dart slugs
  4 leopard geckos
  7 orcs
  A ball python (D:1)
  A giant cockroach (D:2)
  8 goblins
  7 hobgoblins
  A quokka (D:3)
  8 bats
  2 frilled lizards
  5 kobolds
  5 rats
69 creatures vanquished.

Notes
Turn   | Place    | Note
-------+----------+-------------------------------------------
     0 | D:1      | Delarado the Octopode Fighter began the quest for the Orb.
     0 | D:1      | Reached XP level 1. HP: 16/16 MP: 1/1
     2 | D:1      | Noticed a gargoyle
     2 | D:1      | Noticed a formicid
     4 | D:1      | Noticed a felid
     4 | D:1      | Noticed a halfling
     6 | D:1      | Noticed a ghoul
     6 | D:1      | Noticed an ogre
     8 | D:1      | Noticed an octopode
    10 | D:1      | Noticed a human
    10 | D:1      | Noticed a tengu
    12 | D:1      | Noticed a demigod
    12 | D:1      | Noticed a minotaur
    14 | D:1      | Noticed a dwarf
    14 | D:1      | Noticed a naga
    16 | D:1      | Noticed a demonspawn
    16 | D:1      | Noticed a vampire
    18 | D:1      | Noticed a spriggan
    18 | D:1      | Noticed a merfolk
    20 | D:1      | Noticed an elf
    22 | D:1      | Noticed a troll
    22 | D:1      | Noticed a draconian
    24 | D:1      | Noticed a vine stalker
    26 | D:1      | Noticed a centaur
    55 | D:1      | Reached XP level 2. HP: 18/21 MP: 2/2
   186 | D:1      | Reached skill level 3 in Unarmed Combat
   642 | D:1      | Reached XP level 3. HP: 22/26 MP: 3/3
  1373 | D:2      | Reached skill level 4 in Unarmed Combat
  1619 | D:2      | Reached XP level 4. HP: 31/31 MP: 4/4
  1938 | D:2      | Reached skill level 5 in Unarmed Combat
  1938 | D:2      | Reached XP level 5. HP: 36/36 MP: 5/5
  2663 | D:3      | Noticed Natasha
  2678 | D:3      | HP: 1/36 [Natasha (10)]
  2680 | D:3      | Killed Natasha
  2680 | D:3      | Reached skill level 6 in Unarmed Combat
  2680 | D:3      | Succumbed to an adder's poison

Illustrated notes

Levels and vault maps discovered:
D:1:      kb_arrival_jail, layout_basic
D:2:      layout_basic, first_ration
D:3:      layout_basic, lemuel_statue_altar, uniq_sigmund, uniq_jessica,
          uniq_natasha, uniq_ijyb

Skill      XL: |  1  2  3  4  5 |
---------------+----------------+-----
Unarmed Combat | 3 4 5 6 |  6.0
Fighting       | |  3.0
Dodging        | |  3.0
Shields        | |  3.0

Action                   |  1- 3 |  4- 6 || total
-------------------------+-------+-------++-------
Melee: Unarmed           |    71 |    76 ||   147
       Constrict         |    19 |    23 ||    42
       Tentacles         |    11 |    17 ||    28
Throw: Stone             |       |    11 ||    11
       Javelin           |       |     2 ||     2
  Use: Scroll            |     4 |     1 ||     5
 Stab: Sleeping          |     2 |     1 ||     3
  Eat: Chunk             |     2 |     4 ||     6
Armor: Skin              |     5 |     1 ||     6
Dodge: Dodged            |    15 |    28 ||    43
Block: Kite shield       |    26 |    30 ||    56

Table legend:
 A = Non-vault XP
 B = Vault XP
 C = Vault XP percentage of total XP
 D = Non-vault monster count
 E = Vault monster count
 F = Vault count percentage of total count
                 A         B        C        D         E       F
            +---------+---------+-------+---------+---------+-------
      Total |     282 |      35 |  11.0 |      68 |       1 |   1.4
            +---------+---------+-------+---------+---------+-------
        D:1 |      58 |       0 |   0.0 |      26 |       0 |   0.0
        D:2 |     138 |       0 |   0.0 |      27 |       0 |   0.0
        D:3 |      86 |      35 |  28.9 |      15 |       1 |   6.2
            +---------+---------+-------+---------+---------+-------
